Cogmind - Beta 13 X1 @@@ ROGUE MODE // 2023.10.10 @ 14:44:40 Player: Terminus Result: Destroyed by 1C-UTU with 1C-UTU's Sword "Choppy" Performance ------------- Evolutions (1) 500 Regions Visited (6) 1200 Robots Destroyed (106) 530 Value Destroyed (1919) 1919 Prototype IDs (9) 180 Alien Tech Used (0) 0 Bonus (175) 175 TOTAL SCORE: 4504 Bonus ------- High Alert Combat Kills 30 Follower Combat Kills 159 Friendly Fire -14 Cogmind --------- Core Integrity 0/400 Matter 252/300 Energy 170/170 System Corruption 0% Temperature Cool (0) Movement Core (1600) Ox31 Location -8/Mines Parts ------- > --- POWER (1) -------- Light Neutrino Core > --- PROPULSION (2) --- (None) > --- UTILITY (3) ------ Improved Heat Sink Huge Storage Unit > --- WEAPON (3) ------- 8R-AWN's Boregun > --- INVENTORY (25) --- Cooled Ion Engine Reinforced Fission Core Light Treads Light Treads Light Treads Improved Treads Experimental Heat Sink High-capacity Matter Pod (72) Experimental Targeting Computer Experimental Core Analyzer Improved Armor Integrity Analyzer Advanced Weapon Cycler Light Armor Plating Insulated Plating Hacking Suite Hacking Suite Makeshift Hacking Suite Assault Rifle Assault Rifle Heavy Assault Rifle Heavy Assault Rifle Heavy Assault Rifle Rocket Launcher Makeshift Spear Peak State ------------ > --- POWER ------------ Light Neutrino Core > --- PROPULSION ------- Advanced Treads Advanced Treads > --- UTILITY ---------- Improved Heat Sink Huge Storage Unit Hardened Light Armor Plating > --- WEAPON ----------- Autogun 8R-AWN's Boregun 8R-AWN's Boregun > --- INVENTORY -------- Cooled Ion Engine Reinforced Fission Core Light Treads Light Treads Light Treads Improved Treads Experimental Heat Sink High-capacity Matter Pod Experimental Targeting Computer Experimental Core Analyzer Improved Armor Integrity Analyzer Advanced Weapon Cycler Light Armor Plating Light Armor Plating Insulated Plating Hacking Suite Hacking Suite Makeshift Hacking Suite Assault Rifle Assault Rifle Heavy Assault Rifle Heavy Assault Rifle Heavy Assault Rifle Rocket Launcher Makeshift Spear [Rating: 49] Favorites ----------- Power Heavy Ion Engine Engine Heavy Ion Engine Power Core Reinforced Fission Core Propulsion Advanced Treads Treads Advanced Treads Utility Improved Heat Sink Device Improved Heat Sink Storage Huge Storage Unit Protection Medium Armor Plating Weapon Heavy Assault Rifle Ballistic Gun Heavy Assault Rifle Launcher Rocket Launcher Special Weapon Plasma Cutter Build | -11 -10 -10 -9 -9 -9 -8 ------- Run | Jun Mat Min Mat Min Exi Min Slots Evolved 2 | . . . 2 . . . Power . | . . . . . . . Propulsion . | . . . . . . . Utility 1 | . . . 1 . . . Weapon 1 | . . . 1 . . . Parts Attached 84 | 6 14 5 27 2 27 3 Power 9 | 1 3 . 3 . 2 . Engine 7 | 1 3 . 3 . . . Core 2 | . . . . . 2 . Reactor . | . . . . . . . Propulsion 18 | 2 3 2 9 . 2 . Treads 18 | 2 3 2 9 . 2 . Leg . | . . . . . . . Wheel . | . . . . . . . Hover . | . . . . . . . Flight . | . . . . . . . Utility 21 | 1 4 1 5 . 9 1 Device 7 | . 1 . 2 . 4 . Storage 6 | 1 2 . 1 . 2 . Processor . | . . . . . . . Hackware . | . . . . . . . Protection 8 | . 1 1 2 . 3 1 Artifact . | . . . . . . . Weapon 36 | 2 4 2 10 2 14 2 Energy Gun . | . . . . . . . Energy Cannon . | . . . . . . . Ballistic Gun 28 | 2 4 2 10 1 7 2 Ballistic Cannon . | . . . . . . . Launcher 4 | . . . . 1 3 . Special Weapon 4 | . . . . . 4 . Impact Weapon . | . . . . . . . Slashing Weapon . | . . . . . . . Piercing Weapon . | . . . . . . . Special Melee Weapon . | . . . . . . . Unidentified Prototypes 4 | . . . . . 4 . Parts Lost 21 | . . 5 4 . 6 6 Power . | . . . . . . . Propulsion 6 | . . 2 . . 2 2 Utility 7 | . . 1 2 . 2 2 Weapon 8 | . . 2 2 . 2 2 Highest Loss Streak 6 | . . 2 1 . 5 6 To Critical Strikes 4 | . . 1 1 . 2 . Average Slot Usage (%) 98 | . 97 99 99 100 95 97 Engine 9 | . 14 14 11 11 4 . Core 1 | . . . . . 6 11 Treads 23 | . 27 28 22 22 22 20 Device 8 | . 5 . 11 11 10 11 Storage 11 | . 14 14 11 11 11 11 Protection 10 | . 6 13 11 11 11 11 Ballistic Gun 28 | . 28 28 32 33 21 31 Special Weapon 1 | . . . . . 5 . Naked Turns . | . . . . . . . Heaviest Build 119 | 12 52 52 105 105 119 103 Greatest Support 44 | 40 40 40 44 44 44 44 Greatest Overweight (x) 5 | . 1 1 5 2 2 2 Average Overweight (x) 1 | . . 1 1 2 1 2 Largest Inventory Capacity 25 | 8 20 20 25 25 25 25 Average Capacity 22 | 7 17 20 23 25 22 25 Most Carried 25 | 2 20 20 25 25 25 25 Average Carried 20 | 1 16 19 22 24 20 24 Final Capacity 25 | 8 20 20 25 25 25 25 Final Carried 25 | 2 20 18 25 25 25 24 Class Distribution -------------------- 39% | Mutant 31% | Scavenger-Tank 27% | Tank Dominant Class ---------------- Mutant | -10/Materials Mutant | -10/Mines Scavenger-Tank | -9/Materials Tank | -9/Mines Mutant | -9/Exiles Scavenger-Tank | -8/Mines Resources | -11 -10 -10 -9 -9 -9 -8 ----------- Run | Jun Mat Min Mat Min Exi Min Matter Collected 3911 | 179 541 352 1424 100 1289 26 Remotely . | . . . . . . . Salvage Created 3782 | . 789 207 2021 137 628 . Parts 294 | . 53 5 139 19 78 . Haulers Intercepted 8 | . 2 . 6 . . . Recyclers Shooed 10 | . . 3 7 . . . Parts Field Recycled . | . . . . . . . Retrieved Matter . | . . . . . . . Parts Self-Destructed . | . . . . . . . Prevented . | . . . . . . . Kills | -11 -10 -10 -9 -9 -9 -8 ------- Run | Jun Mat Min Mat Min Exi Min Combat Hostiles Destroyed 72 | . 16 12 35 7 2 . Guns 68 | . 16 12 35 4 1 . AOE 4 | . . . . 3 1 . Classes Destroyed 14 | . 5 3 3 1 2 . Worker 6 | . . . 6 . . . Builder 2 | . . 1 1 . . . Tunneler 2 | . . . . 2 . . Hauler 8 | . 2 . 6 . . . Recycler 5 | . . . 5 . . . Operator 4 | . 2 . 2 . . . Turret 1 | . . . . . 1 . Watcher 8 | . 3 . 5 . . . Swarmer 26 | . 3 . 16 7 . . Grunt 22 | . 13 . 9 . . . Sentry 10 | . . . 10 . . . Demolisher 1 | . . 1 . . . . Zionite 8 | . . . . . 8 . Assembled 12 | . . 11 . . 1 . Best Kill Streak 11 | . 4 4 11 5 4 . Combat Bots Only 7 | . 3 4 7 4 1 . Max Kills in Single Turn 3 | . 1 1 2 3 1 . Gunslinging 1 | . . . 1 . . . Exploded 3 | . . . . 3 1 . Melee . | . . . . . . . Uniques/NPCs Destroyed 4 | . . . . . 4 . 8R-AWN (-9/Exiles) EX-BIN (-9/Exiles) EX-HEX (-9/Exiles) EX-DEC (-9/Exiles) Combat | -11 -10 -10 -9 -9 -9 -8 -------- Run | Jun Mat Min Mat Min Exi Min Damage Taken 5190 | . 738 954 1315 63 1157 963 Core 659 | . 100 120 170 . 52 217 Absorbed by Shields . | . . . . . . . Regen/Repaired (Parts) 393 | . 216 . 177 . . . Core Remaining (%) 56 | 100 . 12 . . . . Volleys Fired 322 | . 67 47 110 7 87 4 Largest 3 | . 2 2 3 3 3 2 Hottest 69 | . 40 40 69 69 60 60 Shots Fired 754 | . 134 94 330 19 169 8 Gun 714 | . 134 94 330 18 130 8 Cannon . | . . . . . . . Launcher 12 | . . . . 1 11 . Special 28 | . . . . . 28 . Kinetic 714 | . 134 94 330 18 130 8 Thermal . | . . . . . . . Explosive 12 | . . . . 1 11 . Electromagnetic . | . . . . . . . Impact 28 | . . . . . 28 . Robot Hit Streak 17 | . 17 8 15 2 11 1 Robot Miss Streak 5 | . 3 5 5 3 4 3 Penetration Max . | . . . . . . . Secondary Targets 15 | . 1 3 9 2 . . Max Gunslinging Chain 1 | . 1 1 1 1 . . Shots Hit Robots 481 | . 92 59 217 8 102 3 Core Hits 201 | . 39 28 83 9 41 1 Critical Kills 9 | . . . 2 . 7 . Critical Parts Destroyed 13 | . . . 2 . 11 . Critical Strikes 43 | . . . 4 . 39 . Destroy 35 | . . . 4 . 31 . Sever 8 | . . . . . 8 . Melee Attacks . | . . . . . . . Impact . | . . . . . . . Slashing . | . . . . . . . Piercing . | . . . . . . . Sneak Attacks . | . . . . . . . Combat Hostiles . | . . . . . . . Follow-up Attacks . | . . . . . . . Damage Inflicted 7641 | . 1190 826 3404 364 1793 64 Guns 6969 | . 1180 790 3343 160 1432 64 Cannons . | . . . . . . . Explosions 320 | . . . . 172 148 . Melee . | . . . . . . . Ramming 139 | . 10 36 61 32 . . Kinetic 6969 | . 1180 790 3343 160 1432 64 Thermal . | . . . . . . . Explosive 320 | . . . . 172 148 . Electromagnetic . | . . . . . . . Impact 213 | . . . . . 213 . Slashing . | . . . . . . . Piercing . | . . . . . . . Highest Corruption . | . . . . . . . Average Corruption . | . . . . . . . Corruption Purged . | . . . . . . . Corruption Blocked . | . . . . . . . Overload Shots . | . . . . . . . Overflow Damage . | . . . . . . . Projectiles . | . . . . . . . Explosions . | . . . . . . . Melee . | . . . . . . . Knockbacks 3 | . . 1 . 1 1 . Impact 3 | . . 1 . 1 1 . Kinetic . | . . . . . . . Secondary . | . . . . . . . Self-Inflicted Damage 72 | . . . . . 72 . Shots 2 | . . . . . 2 . Rammed 21 | . 2 10 6 3 . . Targets Rammed 21 | . 2 10 6 3 . . Kicked . | . . . . . . . Crushed . | . . . . . . . Highest Temperature 20 | . 20 15 12 . . . Average Temperature 9 | . 9 10 12 . . . Received Heat Transfer 662 | . 357 29 276 . . . Siege Activations . | . . . . . . . Robots Corrupted . | . . . . . . . Combat Hostiles . | . . . . . . . Parts Fried . | . . . . . . . Impact Corruptions . | . . . . . . . Robots Melted . | . . . . . . . Combat Hostiles . | . . . . . . . Parts Melted . | . . . . . . . Heat Transferred . | . . . . . . . Parts Sabotaged . | . . . . . . . Parts Stolen . | . . . . . . . Parts Stripped . | . . . . . . . Power Chain Reactions . | . . . . . . . Missiles Intercepted . | . . . . . . . Alert | -11 -10 -10 -9 -9 -9 -8 ------- Run | Jun Mat Min Mat Min Exi Min Peak Influence 429 | . 235 130 429 259 . 1 Initial 159 | . . 21 . 159 . . Average 146 | . 93 36 256 58 . . Maximum Alert Level 2 | . 1 . 2 1 . . Low Security (%) 68 | 100 93 100 33 90 . 100 Level 1 26 | . 6 . 53 9 . . Level 2 5 | . . . 13 . . . Level 3 . | . . . . . . . Level 4 . | . . . . . . . Level 5 . | . . . . . . . High Security . | . . . . . . . Max Security . | . . . . . . . Squads Dispatched 9 | . 5 . 4 . . . Investigation 4 | . 3 . 1 . . . Extermination . | . . . . . . . Reinforcement 5 | . 2 . 3 . . . Assault . | . . . . . . . Garrison . | . . . . . . . Intercept . | . . . . . . . Searches Triggered . | . . . . . . . Construction Impeded . | . . . . . . . Haulers Reinforced . | . . . . . . . Active Scanning Responses . | . . . . . . . Cargo Convoy Interrupts . | . . . . . . . Stealth | -11 -10 -10 -9 -9 -9 -8 --------- Run | Jun Mat Min Mat Min Exi Min Distress Signals . | . . . . . . . Communications Jammed . | . . . . . . . Distress Signals . | . . . . . . . Times Spotted 143 | . 28 20 49 7 38 1 Peak Tracking Total 10 | . 5 3 5 4 10 1 Tactical Retreats 9 | . 1 1 . . 7 . Traps | -11 -10 -10 -9 -9 -9 -8 ------- Run | Jun Mat Min Mat Min Exi Min Traps Triggered 5 | . 3 . 2 . . . Indirectly . | . . . . . . . Trap Hack Attempts . | . . . . . . . Triggered . | . . . . . . . Disarmed . | . . . . . . . Reprogrammed . | . . . . . . . Reused . | . . . . . . . Traps Extracted . | . . . . . . . Installed . | . . . . . . . Triggered . | . . . . . . . Machines | -11 -10 -10 -9 -9 -9 -8 ---------- Run | Jun Mat Min Mat Min Exi Min Machines Disabled 21 | . . 2 1 . 18 . Max in Single Turn 2 | . . . 1 . 2 . Machines Repaired . | . . . . . . . Machines Sabotaged . | . . . . . . . Overloaded Fab Kills . | . . . . . . . Hacking | -11 -10 -10 -9 -9 -9 -8 --------- Run | Jun Mat Min Mat Min Exi Min Machines Accessed 19 | . 7 . 10 1 1 . Terminals 13 | . 5 . 7 1 . . Fabricators . | . . . . . . . Repair Stations 3 | . 1 . 2 . . . Recycling Units 2 | . 1 . 1 . . . Scanalyzers . | . . . . . . . Garrison Access . | . . . . . . . Total Hacks 65 | . 29 . 30 2 4 . Successful 37 | . 18 . 15 . 4 . Failed 26 | . 10 . 14 2 . . Catastrophic 3 | . . . 2 1 . . Database Lockouts 2 | . 1 . 1 . . . Manual 48 | . 23 . 23 2 . . Terminals 49 | . 24 . 23 2 . . Fabricators . | . . . . . . . Repair Stations 10 | . 4 . 6 . . . Recycling Units 2 | . 1 . 1 . . . Scanalyzers . | . . . . . . . Garrison Access . | . . . . . . . Terminal Hacks 17 | . 9 . 4 . 4 . Record 4 | . . . . . 4 . Part Schematic 1 | . 1 . . . . . Robot Analysis 3 | . 2 . 1 . . . Prototype ID Bank 4 | . 4 . . . . . Terminal Index 2 | . 1 . 1 . . . Alert Level 2 | . 1 . 1 . . . Unreport Threat 1 | . . . 1 . . . Fabricator Hacks . | . . . . . . . Repair Station Hacks 10 | . 4 . 6 . . . Scan Component 5 | . 2 . 3 . . . Repair 5 | . 2 . 3 . . . Recycling Unit Hacks . | . . . . . . . Scanalyzer . | . . . . . . . Garrison Access Hacks . | . . . . . . . Unauthorized Hacks 10 | . 5 . 5 . . . Terminals 8 | . 4 . 4 . . . Botnet 8 | . 4 . 4 . . . Fabricators . | . . . . . . . Repair Stations . | . . . . . . . Recycling Units 2 | . 1 . 1 . . . Tunnel 2 | . 1 . 1 . . . Scanalyzers . | . . . . . . . Garrison Access . | . . . . . . . Data Cores Recovered . | . . . . . . . Used . | . . . . . . . Hacking Detections 14 | . 5 . 8 1 . . Full Trace Events 3 | . 2 . 1 . . . Feedback Events . | . . . . . . . Feedback Blocked . | . . . . . . . Robot Schematics Acquired . | . . . . . . . Robots Built . | . . . . . . . Authchips . | . . . . . . . Time . | . . . . . . . Total Robot Build Rating . | . . . . . . . Part Schematics Acquired 1 | . 1 . . . . . Parts Built . | . . . . . . . Authchips . | . . . . . . . Time . | . . . . . . . Total Part Build Rating . | . . . . . . . Parts Repaired 5 | . 2 . 3 . . . Time 107 | . 52 . 55 . . . Parts Recycled . | . . . . . . . Recycled Matter . | . . . . . . . Retrieved Matter . | . . . . . . . Retrieved Components . | . . . . . . . Parts Scanalyzed . | . . . . . . . Part Schematics Acquired . | . . . . . . . Parts Damaged . | . . . . . . . Bothacking | -11 -10 -10 -9 -9 -9 -8 ------------ Run | Jun Mat Min Mat Min Exi Min Used RIF Installer . | . . . . . . . Robots Hacked . | . . . . . . . Non-combat . | . . . . . . . Combat . | . . . . . . . Robot Hacks Applied . | . . . . . . . Relay Couplers Released . | . . . . . . . Fabnet Peak Effective % . | . . . . . . . Robots Rewired . | . . . . . . . Allies Hacked . | . . . . . . . Hacks Repelled . | . . . . . . . Allies | -11 -10 -10 -9 -9 -9 -8 -------- Run | Jun Mat Min Mat Min Exi Min Total Allies 3 | . . 3 . . . . Largest Group 3 | . . 3 . . . . Highest-Rated Group 40 | . . 40 . . . . Highest-Rated Ally 16 | . . 16 . . . . Total Orders . | . . . . . . . Ally Attacks 35 | . . 35 . . . . Total Damage 318 | . . 318 . . . . Kills 7 | . . 7 . . . . Allies Corrupted . | . . . . . . . Allies Melted . | . . . . . . . Intel | -11 -10 -10 -9 -9 -9 -8 ------- Run | Jun Mat Min Mat Min Exi Min Robot Analysis Total 3 | . 2 . 1 . . . Derelict Logs Recovered 3 | . . . . 3 . . Drone Launches . | . . . . . . . Drone Recoveries . | . . . . . . . Exploration | -11 -10 -10 -9 -9 -9 -8 ------------- Run | Jun Mat Min Mat Min Exi Min Turns Passed 12091 | 79 1882 1180 3773 1869 3216 92 Spaces Moved 3947 | 51 780 301 1084 601 1105 25 Core 11 | 11 . . . . . . Treads 3936 | 40 780 301 1084 601 1105 25 Legs . | . . . . . . . Wheels . | . . . . . . . Hover . | . . . . . . . Flight . | . . . . . . . Fastest Speed 50 | 50 160 240 240 305 145 305 Average Speed 254 | 136 185 240 290 305 249 305 Slowest Speed 560 | 160 240 240 560 305 305 305 Overloaded Moves . | . . . . . . . Propulsion Burnouts . | . . . . . . . Robots Hopped . | . . . . . . . Cave-ins Triggered . | . . . . . . . Exploration Rate (%) 60 | 6 98 32 97 96 79 12 Regions Visited 6 Branch Regions 4 Pre-discovered Areas 4 | . 1 . 1 1 1 . Known Exits Taken . | . . . . . . . Unknown Exits Taken 6 | 1 1 1 1 1 1 . Scrap Searched 4 | . . 1 . 2 . 1 Spaces Dug 14 | . . . . 14 . . Terrain Destroyed 67 | . . . . 14 49 4 Melee . | . . . . . . . Projectile 30 | . . . . . 27 3 AOE 33 | . . . . 14 19 . Terrain Rammed . | . . . . . . . Walls Destroyed . | . . . . . . . Machines Disabled . | . . . . . . . Actions | -11 -10 -10 -9 -9 -9 -8 --------- Run | Jun Mat Min Mat Min Exi Min Total 5301 | 58 1082 653 1470 620 1385 33 Wait 753 | . 182 285 176 2 107 1 Move 3941 | 50 779 300 1083 600 1104 25 Hop . | . . . . . . . Pick Up 94 | 2 23 4 34 3 28 . Fast Attach 23 | 6 5 1 5 . 6 . Attach 19 | . . 4 7 . 7 1 Detach 4 | . 1 . . . 3 . Swap 42 | . 9 . 15 2 14 2 Drop 82 | . 14 2 34 3 29 . Fire 322 | . 67 47 110 7 87 4 Melee . | . . . . . . . Ram . | . . . . . . . Kick . | . . . . . . . Crush 21 | . 2 10 6 3 . . Escape Stasis . | . . . . . . . Rewire . | . . . . . . . Trap . | . . . . . . . Miscellaneous . | . . . . . . . Route ------- -11/Junkyard -10/Materials (discovered 5 exits: *Mat x3 / [*Min] / [*Sub]) -10/Mines -9/Materials (discovered 5 exits: [*Mat x3] / *Min x2) -9/Mines (discovered 4 exits: [*Mat x2] / *Exi / [*Zio]) -9/Exiles -8/Mines History --------- Turn | Location | Event 4 | -11/Junkyard | Discovered new exit (range 15) 80 | -11/Junkyard | Entered Materials 229 | -10/Materials | Discovered new exit (range 16) 306 | -10/Materials | Build established: Mutant 465 | -10/Materials | Discovered new exit (range 10) 520 | -10/Materials | Discovered new exit (range 15) 720 | -10/Materials | Central database locked down 933 | -10/Materials | Discovered new exit (range 8) 1052 | -10/Materials | Discovered new exit (range 13) 1622 | -10/Materials | Repaired Lgt. Treads 1650 | -10/Materials | Repaired Lgt. Treads 1962 | -10/Materials | Entered Mines 1970 | -10/Mines | Assisted by bots powering up and referring to "LRC-V3" 2020 | -10/Mines | Found a hidden stash of uninstalled traps 2054 | -10/Mines | Discovered new exit (range 10) 2343 | -10/Mines | Assembled infested the area 2912 | -10/Mines | Core integrity fell below 50% 2995 | -10/Mines | Core integrity fell below 20% 3142 | -10/Mines | Entered Materials 3142 | -9/Materials | Evolved 2 slots: Utility x1, Weapon x1 3271 | -9/Materials | Discovered new exit (range 14) 3333 | -9/Materials | Central database locked down 3468 | -9/Materials | Build established: Scavenger-Tank 3777 | -9/Materials | Destroyed 7 combat bots 3991 | -9/Materials | Repaired Lgt. Armor Plating 4189 | -9/Materials | Discovered new exit (range 14) 4596 | -9/Materials | Discovered new exit (range 12) 5178 | -9/Materials | Discovered new exit (range 15) 5878 | -9/Materials | Repaired Hvy. Assault Rifle 5893 | -9/Materials | Repaired Assault Rifle 6000 | -9/Materials | Discovered new exit (range 16) 6391 | -9/Materials | Build established: Tank 6915 | -9/Materials | Entered Mines 7062 | -9/Mines | Learned location of 1 exit from Proximity Caves 7090 | -9/Mines | A Derelict revealed a hidden shortcut to a safe place 7414 | -9/Mines | Discovered new exit (range 5) 7463 | -9/Mines | Deemed a non-threat by the Exiles lab entrance 7466 | -9/Mines | Discovered new exit (range 5) 7618 | -9/Mines | Learned Materials stockpile data 7942 | -9/Mines | A weapon hastily lodged in a ceiling crevice suddenly fell to the ground 7996 | -9/Mines | Received a Rocket Launcher from a helpful Derelict 8235 | -9/Mines | Learned location of Storage (-8) 8437 | -9/Mines | Discovered new exit (range 15) 8784 | -9/Mines | Entered Exiles 8861 | -9/Exiles | Met 8R-AWN 8910 | -9/Exiles | Met EX-HEX 9062 | -9/Exiles | Met EX-DEC 9114 | -9/Exiles | Learned location of Zion (-7) 9208 | -9/Exiles | Discovered new exit (range 14) 9638 | -9/Exiles | Build established: Mutant 9877 | -9/Exiles | Attacked by the Exiles 10034 | -9/Exiles | Found Prototype Ballistic Gun 10034 | -9/Exiles | Identified 8R-AWN's Boregun 10037 | -9/Exiles | Found 8R-AWN's Boregun 10053 | -9/Exiles | Lost 5 parts (1n2u2w) 10196 | -9/Exiles | Destroyed 8R-AWN 10203 | -9/Exiles | Found Prototype Processor 10380 | -9/Exiles | Core integrity fell below 50% 10771 | -9/Exiles | Destroyed EX-BIN 10852 | -9/Exiles | Destroyed EX-HEX 10984 | -9/Exiles | Destroyed EX-DEC 11024 | -9/Exiles | Found Prototype Processor 11527 | -9/Exiles | Build established: Scavenger-Tank 12000 | -9/Exiles | Entered Mines 12079 | -8/Mines | 1C-UTU came to Exiles' defense 12087 | -8/Mines | Core integrity fell below 20% 12092 | -8/Mines | Destroyed by 1C-UTU with 1C-UTU's Sword "Choppy" Last Messages --------------- 12081_ HV Slug penetrates 1C-UTU. 12081_ HV Slug penetrates Wall. 12082_ 1C-UTU follow-up attacks with Prototype Slashing Weapon. 12083_ Hrd. Light Armor Plating destroyed. 12084_ 1C-UTU follow-up attacks with Prototype Slashing Weapon. 12085_ HV Slug penetrates Wall. 12085_ Autogun destroyed. 12088_ HV Slug penetrates Wall. 12088_ HV Slug penetrates 1C-UTU. 12088_ HV Slug penetrates Wall. 12089_ Adv. Treads destroyed. 12090_ Wall collapses. 12090_ 1C-UTU follow-up attacks with Prototype Slashing Weapon. 12091_ HV Slug penetrates Wall. 12091_ HV Slug penetrates 1C-UTU. 12091_ HV Slug penetrates Wall. 12091_ Lgt. Armor Plating destroyed. 12091_ 1C-UTU follow-up attacks with Prototype Slashing Weapon. 12091_ 8R-AWN's Boregun destroyed. 12091_ Adv. Treads destroyed. Map ----- +----------------------------------------------------+ | | | | | | | | | | | ???????????????????????????????????????? | | ???????????????????????????????????????? | | ???????????????????????????????????????? | | ???????????????????????????????????????? | | ???????????????????????????????????????? | | ???????????????????????????????????????? | | ???????????????????????????????????????? | | ???????????????????????????????????????? | | ???????????????????????????????????????? | | ???????????????????????????###?????????? | | ????????????????????######## ##????????? | | ????????????????????# #????????? | | ??????????####??????# #????????? | | ???????#### ####??# /### #????????? | | ???????# ! ##?# #?# ##???????? | | ???????# ]%[ ! ### %#?# ##???????# | | ?????????????# #?# ##?????# | | ?????????????## #### #?## ###### | | ?????????????## ##??# #??## | | ?????????????#;l##### #???## | | ??????????????#@ #????### | | ??????????????####### #??????## ### | | ????????????????????# #???????## ##?? | | ????????????????????# #????????#####??? | | ????????????????????# #???????????????? | | ????????????????????# #???????????????? | | ????????????????????# #???????????????? | | ????????????????????? #???????????????? | | ????????????????????? ????????????????? | | ????????????????????? ????????????????? | | ????????????????????? ????????????????? | | ???????????????????????????????????????? | | ???????????????????????????????????????? | | ???????????????????????????????????????? | | ???????????????????????????????????????? | | ???????????????????????????????????????? | | ???????????????????????????????????????? | | ???????????????????????????????????????? | | ???????????????????????????????????????? | | ???????????????????????????????????????? | | ???????????????????????????????????????? | | ???????????????????????????????????????? | | ???????????????????????????????????????? | | ???????????????????????????????????????? | | ???????????????????????????????????????? | +----------------------------------------------------+ Best States ------------- Heat Dissipation 54 Energy Generation 19 Energy Capacity 310 Matter Stores 300 Matter Capacity 300 Sight Range 16 Terrain Scan Density 10 Armor Coverage 450 Evasion (%) 50 Recoil Reduction 2 Item Schematics ----------------- Huge Storage Unit | -10/Materials | Hacked Robot Schematics ------------------ None Fabricated ------------ Nothing Alien Tech Used ----------------- None Achievements -------------- None Challenges ------------ None Game ------ Seed DeliveryGravityBrace Manual? 0 Play Time 00:53:35 Cumulative 1789.6 hours Start 2023.10.10 @ 13:43:24 End 2023.10.10 @ 14:44:40 Sessions 1 Manual Loads 0 Difficulty Rogue Special Mode None Game No. 629 Rogue 629 Adventurer 0 Explorer 0 Win Type - Total 139 Types 28/13/62/7/1/2/24/1/1 Lore% 96 Gallery% 96 Achievement% 88 Wizard Run 0 Options --------- ASCII 0 Keyboard 0 Movement Numpad Keybinds 0 Fullscreen 2 Font 18/SmallcapsGlow Map View 76x50 Tactical HUD 1 Map Filters NONE Filters NONE Steam 1 RUN: 0fc1ee51-d727-4456-96d1-b73403942096